Map: Oxide LE

Players

AqueroN - Winner!

  • Race: Terran Terran

Lilbow

  • Race: Protoss Protoss

Event: DreamHack SC2 Masters 2021 Winter

VOD

Have the link to the VOD?

Description

Time

  • Played on: Oct. 5, 2021, 12:33 p.m.
  • Length: 10:21

All games in this series

Show
View Real Time Build Order
Export as new Build Order

AqueroN Terran - Winner!

Build Orders:  

Get SALT Encoding   

  12  0:00  SCV  
  13  0:12  SCV  
  14  0:16  Supply Depot  
  14  0:24  SCV  
  15  0:38  SCV  
  15  0:40  Barracks  
  16  0:44  Refinery  
  16  0:50  SCV  
  17  1:02  SCV  
  18  1:14  SCV  
  19  1:27  Orbital Command  
  19  1:28  Marine  
  20  1:44  Command Center  
  20  1:47  Barracks Reactor  
  20  1:54  Supply Depot  
  20  1:56  SCV  
  21  2:08  SCV  
  22  2:09  Factory  
  22  2:20  SCV  
  23  2:23  Marine x2  
  23  2:24  Refinery  
  25  2:31  Bunker  
  25  2:32  SCV  
  26  2:41  Marine x2  
  28  2:44  SCV  
  29  2:56  SCV  
  29  2:57  Starport  
  30  3:00  Orbital Command  
  30  3:06  Widow Mine  
  30  3:08  SCV  
  30  3:10  Marine  
  30  3:12  Marine  
  35  3:20  SCV  
  35  3:23  Supply Depot  
  35  3:26  SCV  
  37  3:27  Widow Mine  
  37  3:31  Marine  
  37  3:33  SCV, Marine  
  42  3:37  Medivac  
  42  3:39  SCV  
  45  3:46  SCV, Barracks  
  46  3:50  Factory Tech Lab  
  46  3:51  SCV  
  46  3:53  Marine  
  46  3:55  Marine  
  49  3:59  Supply Depot  
  49  4:04  Barracks  
  49  4:07  SCV x2  
  51  4:15  Supply Depot, Raven  
  53  4:18  Factory Tech Lab  
  53  4:19  SCV  
  53  4:20  SCV  
  53  4:22  Refinery  
  55  4:25  Marine  
  55  4:27  Supply Depot, Marine  
  58  4:31  SCV  
  58  4:35  SCV  
  59  4:38  Engineering Bay  
  59  4:43  SCV, Marine  
  59  4:45  Marine  
  62  4:46  Factory Reactor  
  62  4:47  SCV  
  62  4:49  Supply Depot  
  62  4:50  Stimpack  
  63  4:54  Marauder  
  63  4:55  SCV  
  66  5:01  SCV  
  66  5:05  Marine x2  
  67  5:07  SCV  
  67  5:13  SCV, Terran Infantry Weapons Level 1  
  69  5:14  Combat Shield  
  69  5:15  Marauder  
  69  5:16  Marauder  
  69  5:19  SCV  
  74  5:22  Marine x2  
  74  5:25  SCV  
  74  5:28  Supply Depot  
  77  5:30  Refinery  
  77  5:31  Supply Depot, Medivac, SCV  
  77  5:33  Medivac  
  82  5:40  Marauder, Marine x2  
  86  5:46  Supply Depot  
  88  5:50  Marauder, Supply Depot, Factory Reactor  
  88  5:54  SCV  
  88  5:55  SCV  
  90  5:58  Marine x2  
  92  6:07  Marauder  
  96  6:11  Marauder  
  96  6:17  Barracks  
  96  6:18  Barracks  
  96  6:20  SCV x2  
  96  6:21  Command Center  
  96  6:22  Marine x2  
  100  6:27  Supply Depot  
  100  6:30  Widow Mine  
  100  6:31  Widow Mine  
  100  6:44  Marauder x2  
  100  6:46  SCV x2  
  106  6:48  Medivac x2  
  109  6:58  SCV x2  
  95  7:02  Marine x2  
  95  7:04  Widow Mine x2  
  95  7:05  Marauder  
  95  7:06  Marauder  
  99  7:10  SCV x2  
  97  7:17  Barracks Tech Lab, Barracks Reactor  
  97  7:22  SCV x2  
  99  7:27  Marauder x2, Widow Mine  
  99  7:28  Widow Mine  
  107  7:30  Marine x2  
  107  7:34  SCV  
  107  7:35  SCV, Orbital Command  
  111  7:39  Marauder  
  111  7:41  Medivac x2  
  111  7:42  Starport  
  117  7:47  SCV x2  
  117  7:48  Marauder x2  
  117  7:49  Refinery  
  123  8:00  Marine x4  
  123  8:01  Marauder  
  123  8:02  Widow Mine x2  
  133  8:09  Concussive Shells  
  133  8:10  Marauder x2, SCV x3, Bunker  
  140  8:12  Terran Infantry Armor Level 1  
  140  8:26  Marine  
  141  8:29  Supply Depot  
  141  8:31  Supply Depot  
  141  8:33  Supply Depot, Armory  
  141  8:34  Engineering Bay  
  141  8:46  Marauder x2, SCV x3, Marine x3  
  141  8:47  Marauder, Refinery  
  153  8:49  Viking x2  
  153  8:50  Ghost Academy, Viking x2  
  155  9:15  Marauder x2  
  143  9:20  Liberator x2  
  143  9:21  SCV x3  
  143  9:28  Marauder, Marine x3  
  141  9:36  Marauder x2  
  135  9:47  Marine x4  
  135  9:49  Marauder  
  131  9:58  Marauder x2  
  131  9:59  Barracks  
  133  10:00  Command Center, Barracks  
  133  10:01  Supply Depot  
  133  10:02  Barracks  
Show
View Real Time Build Order
Export as new Build Order

Lilbow Protoss 

Build Orders: 1 Gate Expand, Blink Stalkers, Colossus Rush 

Get SALT Encoding   

  12  0:00  Probe  
  13  0:12  Probe  
  14  0:17  Pylon  
  14  0:24  Probe (Chrono Boost)  
  15  0:36  Probe (Chrono Boost)  
  15  0:37  Gateway  
  16  0:44  Probe (Chrono Boost)  
  16  0:45  Assimilator  
  17  0:51  Probe  
  18  1:03  Probe  
  19  1:15  Probe  
  20  1:24  Cybernetics Core  
  20  1:32  Nexus  
  20  1:36  Probe  
  21  1:42  Pylon  
  21  1:48  Probe  
  21  1:49  Assimilator  
  22  1:59  Adept (Chrono Boost)  
  22  2:00  Probe (Chrono Boost)  
  25  2:03  Warp Gate (Chrono Boost)  
  25  2:12  Probe (Chrono Boost)  
  26  2:19  Probe (Chrono Boost)  
  26  2:20  Stalker  
  29  2:26  Probe  
  30  2:35  Twilight Council  
  30  2:41  Probe (Chrono Boost)  
  30  2:44  Probe (Chrono Boost)  
  32  2:50  Gateway  
  33  2:53  Probe (Chrono Boost)  
  33  2:54  Probe (Chrono Boost)  
  33  2:58  Probe (Chrono Boost)  
  34  3:02  Probe  
  36  3:10  Probe  
  36  3:11  Blink  
  37  3:14  Probe  
  38  3:20  Robotics Facility  
  38  3:22  Probe  
  38  3:25  Assimilator  
  38  3:27  Probe  
  40  3:30  Shield Battery  
  40  3:34  Probe  
  40  3:39  Probe  
  42  3:41  Pylon  
  42  3:44  Stalker x2  
  46  3:53  Assimilator  
  46  3:59  Probe x2  
  46  4:01  Pylon  
  48  4:08  Observer (Chrono Boost)  
  49  4:11  Probe x2  
  49  4:12  Stalker  
  53  4:18  Pylon  
  53  4:22  Nexus  
  53  4:23  Observer (Chrono Boost), Probe x2  
  55  4:29  Shield Battery  
  56  4:34  Robotics Bay  
  56  4:35  Probe  
  56  4:38  Probe  
  58  4:43  Observer  
  58  4:44  Forge  
  59  4:47  Stalker  
  59  4:52  Stalker  
  63  4:56  Probe  
  63  5:02  Probe  
  63  5:08  Probe  
  63  5:14  Probe  
  63  5:19  Colossus (Chrono Boost)  
  65  5:25  Protoss Ground Weapons Level 1  
  65  5:26  Pylon  
  70  5:31  Shield Battery  
  70  5:34  Probe x2  
  72  5:41  Observer  
  72  5:43  Probe  
  72  5:44  Photon Cannon  
  72  5:46  Probe x2  
  72  5:48  Photon Cannon  
  72  5:49  Extended Thermal Lance  
  75  5:58  Probe x2  
  75  6:03  Colossus (Chrono Boost)  
  83  6:06  Probe  
  83  6:10  Stalker, Probe  
  83  6:11  Pylon  
  87  6:12  Charge  
  87  6:14  Probe  
  87  6:17  Sentry  
  90  6:19  Probe  
  90  6:20  Pylon  
  90  6:24  Probe  
  92  6:27  Probe  
  92  6:29  Assimilator  
  93  6:36  Pylon  
  93  6:38  Probe  
  89  6:42  Colossus (Chrono Boost)  
  83  6:53  Zealot x2  
  74  7:01  Probe x2  
  69  7:03  Observer, Probe  
  63  7:13  Probe x2  
  63  7:15  Probe  
  62  7:19  Stalker x2  
  62  7:22  Colossus (Chrono Boost)  
  66  7:25  Probe  
  66  7:26  Probe  
  66  7:27  Probe  
  75  7:30  Observer  
  75  7:32  Shield Battery  
  75  7:34  Photon Cannon  
  74  7:37  Probe  
  74  7:38  Probe  
  74  7:39  Probe  
  74  7:41  Protoss Ground Armor Level 1  
  74  7:42  Sentry  
  74  7:43  Zealot  
  81  7:45  Gateway  
  81  7:48  Gateway  
  81  7:54  Probe  
  81  7:55  Probe x2  
  81  7:57  Assimilator  
  84  8:05  Zealot, Cybernetics Core  
  86  8:06  Zealot  
  86  8:07  Probe x2  
  90  8:15  Probe  
  90  8:17  Colossus (Chrono Boost)  
  90  8:19  Probe  
  98  8:20  Probe  
  99  8:27  Probe  
  99  8:31  Probe  
  101  8:34  Pylon x2  
  101  8:40  Gateway  
  101  8:41  Gateway  
  101  8:43  Gateway  
  101  8:54  Zealot x3  
  101  8:55  Forge  
  107  8:57  Pylon  
  106  9:08  Colossus  
  94  9:15  Probe  
  94  9:16  Zealot x3  
  77  9:17  Probe  
  77  9:19  Probe  
  74  9:27  Probe  
  74  9:29  Probe  
  74  9:33  Probe  
  74  9:35  Stalker x2  
  75  9:38  Stalker x2  
  75  9:39  Probe  
  75  9:41  Probe  
  81  9:46  Stalker x2  
  81  9:48  Probe  
  86  9:53  Photon Cannon  
  86  9:54  Probe x2  
  88  10:06  Probe  
  86  10:10  Zealot  
  86  10:13  Zealot x2  
  86  10:14  Zealot  

Tags
 
Add a new tag
Caveats
  • Supply blocks, unpowered buildings, or Contaminate may cause inaccurate times.
  • Supply counts are checked every 10 seconds.